 Dungeon Crawl Stone Soup version 0.29-a0-824-gd827844252 (webtiles) character file.

Game seed: 16153213605116232077

17474 jimonade the Cruncher (level 12, -5/99 HPs)
             Began as a Formicid Fighter on July 10, 2022.
             Was a High Priest of Okawaru.
             Slain by a ghost moth (8 damage)
             ... on level 2 of the Lair of Beasts.
             The game lasted 01:05:07 (18941 turns).

jimonade the Cruncher (Formicid Fighter)           Turns: 18941, Time: 01:05:08

Health: -5/99      AC: 10    Str: 20 (22) XL:     12   Next: 83%
Magic:  0/23       EV: 12    Int: 10 (12) God:    Okawaru [*****.]
Gold:   659        SH:  5    Dex: 12 (13) Spells: 26/26 levels left

rFire   . . .      SeeInvis +   a - +0 quarterstaff (venom)
rCold   . . .      Faith    .   c - +0 buckler
rNeg    . . .      Spirit   .   n - +0 troll leather armour
rPois   .          Reflect  .   (helmet unavailable)
rElec   .          Harm     .   D - +0 cloak
rCorr   .          Rampage  .   A - +1 pair of gloves
Will    +....                   u - +0 pair of boots
Stlth   +.........              p - amulet of the acrobat
HPRegen 1.06/turn               W - +4 ring of slaying
MPRegen 0.18/turn               (no ring)

@: no status effects
A: permanent stasis, dig shafts and tunnels, antennae 3, four strong arms
a: Dig, Shaft Self, Renounce Religion, Heroism, Finesse, Duel


You were on level 2 of the Lair of Beasts.
You worshipped Okawaru.
Okawaru was extremely pleased with you.
You visited 3 branches of the dungeon, and saw 13 of its levels.
You also visited: Ossuary.

You collected 659 gold pieces.

Inventory:

Hand Weapons
 a - a +0 quarterstaff of venom (weapon)
 b - a +0 shortbow
 z - a +0 whip of electrocution
 C - a +3 quarterstaff of chaos
 E - a +4 trident of protection
 I - a +2 antimagic spear
 J - a +2 mace of venom
 M - a +3 dagger
 Y - a +0 quarterstaff
Missiles
 q - a throwing net
 w - 13 javelins (quivered)
 y - 3 boomerangs
 G - 22 poisoned darts
Armour
 c - a +0 buckler (worn)
 l - the +0 scale mail of Muttered Phrases {rElec rN+ rCorr}
   (Okawaru gifted it to you on level 2 of the Lair of Beasts)

   rElec:     It insulates you from electricity.
   rN:        It protects you from negative energy.
   rCorr:     It protects you from acid and corrosion.
 m - a +3 leather armour of willpower
 n - a +0 troll leather armour (worn)
 u - a +0 pair of boots (worn)
 v - a +2 leather armour of cold resistance
 A - a +1 pair of gloves (worn)
 B - an orb of light
 D - a +0 cloak (worn)
 H - the +1 chain mail of Keemein {Int+5 Dex+4}
   (You found it on level 4 of the Dungeon)

   Int:       It affects your intelligence (+5).
   Dex:       It affects your dexterity (+4).
 L - a +0 plate armour
Jewellery
 k - an amulet of magic regeneration
 p - an amulet of the acrobat (around neck)
 W - a +4 ring of slaying (left hand)
Wands
 f - a wand of flame (20)
 g - a wand of polymorph (15)
 h - a wand of digging (8)
 K - a wand of paralysis (13)
 Q - a wand of acid (8)
 S - a wand of mindburst (14)
 U - a wand of roots (28)
Scrolls
 r - a scroll of identify
 t - 6 scrolls of enchant armour
 F - 3 scrolls of fear
 N - a scroll of poison
 O - a scroll of brand weapon
 T - a scroll of immolation
 X - 3 scrolls of amnesia
Potions
 d - 2 potions of might
 e - 10 potions of curing
 i - 2 potions of brilliance
 j - 3 potions of flight
 o - 6 potions of heal wounds
 s - 3 potions of invisibility {unknown}
 x - 3 potions of ambrosia
 R - 2 potions of mutation
 V - 3 potions of magic


   Skills:
 * Level 10.9 Fighting
 + Level 11.4 Staves
 + Level 1.3 Ranged Weapons
 + Level 2.1 Throwing
 + Level 9.3 Armour
 * Level 2.4 Dodging
 + Level 7.2 Shields
 * Level 7.9 Spellcasting
 * Level 6.4 Invocations
 * Level 1.7 Evocations


You had 26 spell levels left.
You didn't know any spells.
Your spell library contained the following spells:

 Spells                   Type           Power      Damage    Failure   Level
 Scorch                   Fire           6%         2d5       34%         2
 Gell's Gravitas          Tloc           3%         N/A       56%         3
 Lesser Beckoning         Tloc           3%         N/A       56%         3
 Portal Projectile        Hex/Tloc       6%         N/A       56%         3
 Teleport Other           Tloc           3%         N/A       56%         3
 Airstrike                Air            1%         0-2+      93%         4
 Cause Fear               Hex            1%         N/A       93%         4
 Flame Wave               Conj/Fire      3%         2d4       93%         4
 Blade Hands              Tmut           1%         N/A       100%        5
 Lightning Bolt           Conj/Air       1%         1d12      100%        5
 Dragon Form              Tmut           1%         N/A       100%        7
 Tukima's Dance           Hex            Unusable   N/A       N/A         3
 Summon Lightning Spire   Summ/Air       Unusable   N/A       N/A         4
 Summon Cactus Giant      Summ           Unusable   N/A       N/A         6
 Dragon's Call            Summ           Unusable   N/A       N/A         9

Dungeon Overview and Level Annotations

Branches:
Dungeon (10/15)            Temple (1/1) D:6            Lair (2/6) D:8
    Orc (0/2) D:10        Ossuary (visited)
  Swamp: Lair:2-4    Shoals: Lair:2-4     Snake: Lair:2-4    Spider: Lair:2-4

Altars:
Ashenzari
Cheibriados
Dithmenos
Elyvilon
Fedhas
Gozag
Hepliaklqana
Kikubaaqudgha
Makhleb
Nemelex Xobeh
Okawaru
Qazlal
Ru
Sif Muna
Trog
Uskayaw
Vehumet
Wu Jian
Xom
Yredelemnul
Zin
The Shining One

Shops:
D:4 [

Annotations:
Lair:2 1 runed translucent door, PyroL's ghost, journeyman TeCj


Innate Abilities, Weirdness & Mutations

You cannot be hasted, slowed, berserked, paralysed or teleported.
You can dig through walls and to a lower floor.
You have a pair of large antennae on your head. (SInv)
Your four strong arms can wield two-handed weapons with a shield.


Message History

You hit the ghost moth.
The ghost moth is moderately wounded.
The ghost moth stares at you.
You feel your power leaking away.
The ghost moth hits you but does no damage.
The ghost moth hits you. The ghost moth stings you.
You feel weakened.
Okay, then.
Unknown command.
You barely miss the ghost moth.
The ghost moth is moderately wounded.
The ghost moth hits you but does no damage. x2
The ghost moth stings you.
You feel dopey.
You hit the ghost moth.
The ghost moth looks as sick as possible!
The ghost moth is moderately wounded.
You hit the ghost moth.
The ghost moth is heavily wounded.
The ghost moth stares at you. You block the ghost moth's attack.
The ghost moth barely misses you. You block the ghost moth's attack.
You sock the ghost moth!
The ghost moth is severely wounded.
The ghost moth hits you!
The ghost moth hits you but does no damage.
The ghost moth stings you.
* * * LOW HITPOINT WARNING * * *
You closely miss the ghost moth.
The ghost moth is severely wounded.
The ghost moth stares at you. The ghost moth hits you!
* * * LOW HITPOINT WARNING * * *
The ghost moth completely misses you. You block the ghost moth's attack.
You closely miss the ghost moth.
The ghost moth is severely wounded.
The ghost moth hits you!
* * * LOW HITPOINT WARNING * * *
The ghost moth barely misses you. The ghost moth stings you!
You die...

........... # ..........
#..........# . .........
#.......... #.#......
##.y..# #.#@..# #...###
##..### #....# #..##
.#.....## ##.#.###.......#
#########.#.P.......P..##
####.##?....##...P...P....P#
.##†.........P..#.....#P..##
...#.###.#P....##.....##...#


You could see a ghost moth (invisible, very poisoned).

Vanquished Creatures
  2 two-headed ogres
  Pikel (D:6)
  2 cyclopes (D:8)
  Joseph (D:10)
  Maggie (D:6)
  7 cane toads (Lair:2)
  2 komodo dragons (Lair:2)
  A kobold demonologist (D:9)
  A rime drake (Lair:2)
  A burning bush (Lair:2)
  A troll (D:8)
  Prince Ribbit (D:9)
  Grinder (D:6)
  Sigmund (D:2)
  13 yaks
  3 shadows
  4 vampire mosquitoes
  4 wyverns
  A basilisk (Lair:2)
  4 steam dragons
  A warg (D:10)
  4 acid dragons
  7 water moccasins
  2 orc warriors
  A sky beast (D:8)
  2 ice beasts
  2 black bears
  2 ogres (D:5)
  A phantom (D:5)
  4 centaurs
  2 kobold brigands
  10 bullfrogs
  An elf zombie (Ossuary)
  Blork the orc (D:6)
  4 gnoll sergeants
  4 scorpions
  8 wights
  6 killer bees (D:10)
  An electric eel (Lair:2)
  A howler monkey (D:5)
  3 centaur zombies (Ossuary)
  A jelly (D:8)
  Crazy Yiuf (D:3)
  A hound (D:5)
  A human zombie (Ossuary)
  3 orc priests (D:10)
  5 iguanas
  Ijyb (D:3)
  7 orc wizards
  7 hell rats (Lair:1)
  2 mummies (Ossuary)
  Robin (D:4)
  16 gnolls
  10 adders
  3 shadow imps
  A white imp (D:8)
  An ufetubus (D:6)
  2 adder zombies (Ossuary)
  3 worms
  3 dart slugs
  35 orcs
  9 endoplasms
  2 giant cockroaches
  9 hobgoblins
  A jackal (D:5)
  15 kobolds
  4 quokkas
  5 ball pythons
  2 bats (D:1)
  3 frilled lizards
  20 goblins
  10 hobgoblin zombies (Ossuary)
  11 kobold zombies (Ossuary)
  8 orc zombies (Ossuary)
  5 rats
  A rat zombie (Ossuary)
328 creatures vanquished.

Vanquished Creatures (others)
  A yak (Lair:2)
  7 fungi
  71 plants
79 creatures vanquished.

Grand Total: 407 creatures vanquished

Notes
Turn   | Place    | Note
-------+----------+-------------------------------------------
     0 | D:1      | jimonade the Formicid Fighter began the quest for the Orb.
     0 | D:1      | Reached XP level 1. HP: 18/18 MP: 1/1
   235 | D:1      | Reached XP level 2. HP: 25/25 MP: 2/2
   684 | D:1      | Reached XP level 3. HP: 29/30 MP: 2/4
   915 | D:2      | Found a faded altar of an unknown god.
   933 | D:2      | Reached skill level 1 in Spellcasting
  1251 | D:2      | Identified the +2 robe "Izeh" {rElec Dex+3 Slay-2}
  1437 | D:2      | Reached XP level 4. HP: 31/37 MP: 5/5
  1611 | D:2      | Noticed Sigmund
  1628 | D:2      | Killed Sigmund
  1629 | D:2      | Reached skill level 3 in Staves
  1629 | D:2      | Reached XP level 5. HP: 37/43 MP: 5/8
  1629 | D:2      | Reached XP level 6. HP: 42/49 MP: 5/9
  1731 | D:2      | Found a sparkling altar of Nemelex Xobeh.
  2004 | D:3      | Noticed Ijyb
  2160 | D:3      | Killed Ijyb
  2569 | D:3      | Reached skill level 4 in Staves
  2842 | D:3      | Reached XP level 7. HP: 55/55 MP: 11/11
  3020 | D:3      | Found a faded altar of an unknown god.
  3361 | D:3      | Found a runed translucent door.
  3362 | D:3      | Noticed Crazy Yiuf
  3374 | D:3      | Killed Crazy Yiuf
  3515 | D:3      | Found a basalt altar of Yredelemnul.
  3803 | D:4      | Noticed Robin
  3857 | D:4      | Killed Robin
  3884 | D:4      | Found Loeptajemumn's Armour Emporium.
  4031 | D:4      | Found a hazy altar of Hepliaklqana.
  4110 | D:4      | Found a shimmering altar of Xom.
  4427 | D:4      | Reached skill level 5 in Fighting
  4588 | D:4      | Identified the +1 chain mail of Keemein {Int+5 Dex+4}
  4651 | D:4      | Found a sparkling altar of Nemelex Xobeh.
  5206 | D:5      | Entered Level 5 of the Dungeon
  5212 | D:5      | Found an ornate altar of the Wu Jian Council.
  5239 | D:5      | Reached skill level 1 in Dodging
  5254 | D:5      | Reached skill level 5 in Staves
  5254 | D:5      | Reached skill level 1 in Throwing
  5291 | D:5      | Found a glowing silver altar of Zin.
  5358 | D:5      | Reached XP level 8. HP: 45/62 MP: 13/13
  5549 | D:5      | Reached skill level 5 in Armour
  5734 | D:5      | Reached skill level 6 in Staves
  6404 | D:5      | Reached XP level 9. HP: 56/69 MP: 15/15
  6578 | D:6      | Noticed Grinder
  6653 | D:6      | Found a sand-covered staircase.
  6658 | Ossuary  | Entered an ossuary
  6849 | Ossuary  | Reached skill level 5 in Shields
  7023 | D:6      | Reached skill level 7 in Staves
  7070 | D:6      | Noticed Maggie
  7088 | D:6      | Killed Maggie
  7206 | D:6      | Killed Grinder
  7269 | D:6      | Noticed Blork the orc
  7275 | D:6      | Killed Blork the orc
  7276 | D:6      | Reached skill level 5 in Spellcasting
  7478 | D:6      | Found a staircase to the Ecumenical Temple.
  7482 | D:6      | Noticed Pikel
  7487 | Temple   | Entered the Ecumenical Temple
  7678 | Temple   | Became a worshipper of Warmaster Okawaru
  7701 | D:6      | Killed Pikel
  7701 | D:6      | Reached * piety under Okawaru
  7702 | D:6      | Reached skill level 8 in Staves
  7702 | D:6      | Reached XP level 10. HP: 77/80 MP: 16/18
  9534 | D:8      | Noticed a two-headed ogre
  9805 | D:8      | Reached skill level 9 in Staves
 10042 | D:8      | Reached ** piety under Okawaru
 10119 | D:8      | Found a burning altar of Makhleb.
 10238 | D:8      | Killed a two-headed ogre
 10239 | D:8      | Reached skill level 1 in Invocations
 10504 | D:8      | Found a staircase to the Lair.
 10530 | D:8      | Reached *** piety under Okawaru
 10551 | D:8      | Reached XP level 11. HP: 71/89 MP: 20/20
 10559 | D:8      | Noticed a cyclops
 10566 | D:8      | Killed a cyclops
 11133 | D:8      | Reached skill level 10 in Staves
 11290 | D:8      | Reached **** piety under Okawaru
 11301 | D:8      | Found an ancient bone altar of Kikubaaqudgha.
 11458 | D:8      | Noticed a cyclops
 11525 | D:8      | Killed a cyclops
 12303 | D:9      | Found a snail-covered altar of Cheibriados.
 12492 | D:9      | Noticed Prince Ribbit
 12509 | D:9      | Killed Prince Ribbit
 12530 | D:9      | Reached skill level 5 in Invocations
 13221 | D:9      | Reached ***** piety under Okawaru
 13463 | D:9      | Reached skill level 1 in Ranged Weapons
 14115 | D:10     | Entered Level 10 of the Dungeon
 14371 | D:10     | Found a staircase to the Orcish Mines.
 14703 | D:10     | Found a broken altar of Ashenzari.
 14736 | D:10     | Reached skill level 10 in Fighting
 14747 | D:10     | Reached XP level 12. HP: 95/97 MP: 22/22
 14935 | D:10     | Found a radiant altar of Vehumet.
 14961 | D:10     | Noticed Joseph
 14961 | D:10     | Noticed a two-headed ogre
 14976 | D:10     | Killed a two-headed ogre
 14984 | D:10     | Killed Joseph
 15480 | Lair:1   | Entered Level 1 of the Lair of Beasts
 16526 | Lair:1   | Reached skill level 11 in Staves
 16929 | Lair:2   | Found a runed translucent door.
 16929 | Lair:2   | Noticed PyroL's ghost (journeyman TeCj)
 17125 | Lair:2   | Identified the +0 scale mail of Muttered Phrases {rElec rN+
                  | rCorr} (Okawaru gifted it to you on level 2 of the Lair of
                  | Beasts)
 17125 | Lair:2   | Received a gift from Okawaru
 18003 | Lair:2   | Reached skill level 1 in Evocations
 18925 | Lair:2   | Noticed a seven-headed hydra
 18928 | Lair:2   | Noticed a ghost moth
 18928 | Lair:2   | a seven-headed hydra changed into a ghost moth
 18941 | Lair:2   | HP: 3/99 [ghost moth (15)]
 18941 | Lair:2   | Slain by a ghost moth

Illustrated notes

Levels and vault maps discovered:
D:1:      evilmike_arrival_rings, layout_loops_ring
D:2:      layout_rooms, basic_altar, shapermc_ecumenical_altar_starsandcircs,
          chequers_serial_rivers_room_a, uniq_sigmund
D:3:      kennysheep_the_goblin_king, layout_basic,
          nicolae_overflow_ecumenical_swirl, chequers_jeans,
          serial_bayou_pond_b, uniq_crazy_yiuf_cottage
D:4:      layout_layer_cave, lemuel_coloured_pillars_altar,
          overflow_temple_1_default, xom_teletrap_fun, serial_shops, shop,
          skrybe_limestone_x, uniq_robin
D:5:      layout_loops_corners, mainiacjoe_overflow_catwalk,
          lemuel_crystal_altar, amcnicky_mini_pool_medium
D:6:      layout_rooms, minmay_temple_entry_glassed_door,
          nicolae_ossuary_entry_monument, uniq_blork_the_orc, uniq_grinder,
          uniq_maggie, uniq_pikel
D:7:      layout_layer_cave
D:8:      nzn_winding_woodlands_cross
          [nzn_winding_woodlands_5x15_pathside_ponds,
          nzn_winding_woodlands_5x15_sidewinder,
          nzn_winding_woodlands_5x15_longhouse,
          nzn_winding_woodlands_5x15_garden,
          nzn_winding_woodlands_15x15_five_gardens], layout_basic,
          mainiacjoe_overflow_paths, amcnicky_altar_gilded, dpeg_oklobed_lair,
          grunt_decor_fettered
D:9:      layout_layer_cave, cheibriados_altar_1,
          amcnicky_mini_corridor_feature, uniq_prince_ribbit1
D:10:     layout_roguey, mainiacjoe_overflow_alcove_2,
          nicolae_ashenzari_skybound, david_orc_1_choice, uniq_joseph
Temple:   bh_familiar_temple
Lair:1:   layout_big_grid
Lair:2:   layout_cave_pods, hellmonk_ghost_happy_afterlife,
          serial_bayou_lagoon_a, st_stairs_6, evilmike_ambush
          [evilmike_ambush_outer_corners, evilmike_ambush_inner_basic],
          infiniplex_staircase_pool, grunt_megastairs_5

Skill      XL: |  1  2  3  4  5  6  7  8  9 10 11 12 |
---------------+-------------------------------------+-----
Spellcasting   | 1 2 3 4 5 6 7 |  7.9
Fighting       | 4 5 6 7 9 10 | 10.9
Staves         | 3 4 5 6 8 9 10 11 | 11.4
Armour         | 4 5 6 7 8 9 |  9.3
Dodging        | 1 2 |  2.4
Throwing       | 1 2 |  2.1
Shields        | 6 7 |  7.2
Invocations    | 2 5 6 |  6.4
Ranged Weapons | 1 |  1.3
Evocations     | 1 |  1.7

Action                   |  1- 3 |  4- 6 |  7- 9 | 10-12 || total
-------------------------+-------+-------+-------+-------++-------
Melee: Quarterstaff      |    96 |   115 |   378 |   522 ||  1111
 Fire: Shortbow          |       |       |       |    22 ||    22
Throw: Javelin           |       |    18 |    30 |       ||    48
       Stone             |       |     1 |       |       ||     1
 Abil: Dig               |       |       |       |     3 ||     3
Evoke: Wand              |       |       |       |     3 ||     3
  Use: Scroll            |       |       |       |    18 ||    18
       Potion            |       |       |       |     2 ||     2
 Stab: Petrifying        |       |       |     1 |     2 ||     3
       Invisible         |       |       |     1 |       ||     1
       Paralysed         |       |       |     1 |     1 ||     2
       Petrified         |       |       |     1 |       ||     1
Armor: Scale mail        |    43 |     2 |       |       ||    45
       Chain mail        |       |    67 |   223 |   191 ||   481
       Troll leather arm |       |       |       |    17 ||    17
Dodge: Dodged            |    39 |    38 |   125 |   180 ||   382
Block: Buckler           |    24 |    20 |    95 |   121 ||   260

Table legend: (Time is in decaauts)
 A = Elapsed time spent in this place.
 B = Non-inter-level travel time spent in this place.
 C = Inter-level travel time spent in this place.
 D = Time resting spent in this place.
 E = Time spent auto-exploring this place.
 F = Levels seen in this place.
 G = Mean time per level.
                   A        B        C        D        E       F      G
               +--------+--------+--------+--------+--------+-----+--------+
         Total |  18930 |  18221 |    709 |   4239 |   8294 |  14 | 1352.1 |
       Dungeon |  14963 |  14300 |    663 |   2673 |   7503 |  10 | 1496.3 |
        Temple |    204 |    163 |     41 |      0 |    158 |   1 |  204.0 |
          Lair |   3441 |   3436 |      5 |   1566 |    575 |   2 | 1720.5 |
       Ossuary |    320 |    320 |      0 |      0 |     58 |   1 |  320.0 |
               +--------+--------+--------+--------+--------+-----+--------+

Top non-repeatable levels by time:
     D:8: 2672 daAuts
  Lair:2: 2224 daAuts
     D:7: 1766 daAuts
     D:5: 1590 daAuts
     D:3: 1575 daAuts
     D:9: 1517 daAuts
     D:4: 1513 daAuts
    D:10: 1332 daAuts
     D:2: 1255 daAuts
  Lair:1: 1217 daAuts
     D:1: 911 daAuts
     D:6: 826 daAuts
 Ossuary: 320 daAuts
  Temple: 204 daAuts
